 Dungeon Crawl Stone Soup version 0.21.1-1-g345015f (webtiles) character file.

7065 Mesmaeker13 the Quickloader (level 11, -4/71 (72) HPs)
             Began as a Kobold Hunter on Feb 6, 2018.
             Was an Elder of Okawaru.
             Splashed by a jelly's acid (7 damage)
             ... on level 10 of the Dungeon.
             The game lasted 00:28:46 (13068 turns).

Mesmaeker13 the Quickloader (Kobold Hunter)        Turns: 13068, Time: 00:28:47

HP:   -4/71 (72)    AC: -5    Str: 11    XL:     11   Next: 30%
MP:   11/11         EV: 18    Int: 12    God:    Okawaru [****..]
Gold: 427           SH:  0    Dex: 20    Spells: 10/10 levels left

rFire    + . .     SeeInvis .   y - +2 dagger (speed)
rCold    . . .     Gourm    .   (shield restricted)
rNeg     . . .     Faith    .   w - +1 scale mail {rPois}
rPois    +         Spirit   .   (no helmet)
rElec    .         Reflect  .   (no cloak)
rCorr    .         Harm     .   h - +2 pair of gloves
MR       .....                  l - +0 pair of boots
Stlth    +.........             t - amulet of rage
HPRegen  0.21/turn              b - ring of protection from fire
MPRegen  0.12/turn              J - +2 ring of dexterity

@: corroded
A: small, carnivore
a: Heroism, Renounce Religion, Evoke Berserk Rage


You were on level 10 of the Dungeon.
You worshipped Okawaru.
Okawaru was greatly pleased with you.
You were very full.

You visited 1 branch of the dungeon, and saw 10 of its levels.

You collected 525 gold pieces.
You spent 98 gold pieces at shops.

Inventory:

Hand Weapons
 a - a +1 hand crossbow
 q - a +0 blowgun
 y - a +2 dagger of speed (weapon)
 I - a +1 short sword
Missiles
 d - 39 bolts
 u - 44 poisoned needles
Armour
 h - a +2 pair of gloves (worn)
 l - a +0 pair of boots (worn)
 w - a +1 scale mail of poison resistance (worn)
 x - a +1 leather armour of cold resistance
Jewellery
 b - a ring of protection from fire (left hand)
 t - an amulet of rage (around neck)
 J - a +2 ring of dexterity (right hand)
Wands
 B - a wand of polymorph (7)
 L - a wand of random effects (23)
Scrolls
 g - 7 scrolls of remove curse
 m - 2 scrolls of blinking
 o - 8 scrolls of teleportation
 s - 2 scrolls of fear {unknown}
 v - 3 scrolls of fog
 D - 4 scrolls of amnesia
 E - 2 scrolls of enchant weapon {unknown}
 G - a scroll of enchant armour {unknown}
 H - a scroll of noise {unknown}
Potions
 c - a potion of brilliance {unknown}
 e - 2 potions of heal wounds
 i - 2 potions of haste {unknown}
 j - 2 potions of flight {unknown}
 k - 5 potions of curing
 n - 2 potions of lignification {unknown}
 p - a potion of agility {unknown}
 r - a potion of mutation {unknown}
 z - a potion of might {unknown}
 A - a potion of berserk rage {unknown}
 C - 2 potions of resistance {unknown}
 F - a potion of invisibility {unknown}
Comestibles
 f - 19 rations
 K - 2 chunks of flesh


   Skills:
 + Level 10.0 Fighting
 + Level 8.6 Short Blades
 + Level 11.4 Crossbows
 + Level 10.8 Dodging
 - Level 1.3 Stealth


You had 10 spell levels left.
You didn't know any spells.

Dungeon Overview and Level Annotations

Branches:
Dungeon (10/15)            Temple (0/1) D:5            Lair (0/6) D:9
    Orc: D:9-12

Altars:
Ashenzari
Elyvilon
Fedhas
Gozag
Hepliaklqana
Kikubaaqudgha
Okawaru
Ru
Sif Muna
Trog
Uskayaw
Wu Jian
Xom
Yredelemnul
Zin

Shops:
D:8 ?

Annotations:
D:6 2 transporters


Innate Abilities, Weirdness & Mutations

You are small and have problems with some larger weapons.
You are carnivorous and can eat meat at any time.


Message History

You hit the jelly but do no damage.
Your hands burn!
* * * LOW HITPOINT WARNING * * *
The jelly is almost dead.
The jelly closely misses you.
A sky beast comes into view.
You hit the jelly but do no damage.
Your hands burn!
* * * LOW HITPOINT WARNING * * *
The jelly is almost dead.
You hit the jelly but do no damage.
Your hands burn!
* * * LOW HITPOINT WARNING * * *
The jelly is almost dead.
You hit the jelly but do no damage.
Your hands burn!
* * * LOW HITPOINT WARNING * * *
The jelly is almost dead.
The sky beast flickers out of sight!
Deactivating autopickup; reactivate with Ctrl-A.
The jelly hits you.
* * * LOW HITPOINT WARNING * * *
You are splashed with acid!
The acid burns!
You die...

#########
.......@#
.......J#
........#
........#
........#
.......{{
...)....#
.######.#


You could see a jelly.

Vanquished Creatures
  3 two-headed ogres
  2 trolls
  Grinder (D:5)
  2 hippogriffs (D:7)
  2 humans (D:7)
  2 hungry ghosts
  A water moccasin (D:7)
  2 orc warriors (D:6)
  2 ice beasts
  A phantom (D:5)
  A black bear (D:9)
  5 ogres
  A necrophage (D:8)
  2 wolves (D:9)
  5 centaurs
  A crocodile (D:8)
  A bullfrog (D:6)
  A scorpion (D:8)
  5 killer bees (D:7)
  A water moccasin skeleton (D:9)
  An electric eel (D:9)
  2 wights
  A howler monkey (D:7)
  2 crimson imps
  2 centaur zombies
  A quasit (D:8)
  A jelly (D:9)
  2 orc priests
  2 bullfrog skeletons (D:9)
  11 hounds
  8 orc wizards
  A centaur skeleton (D:8)
  2 iguanas
  3 worker ants
  A hound skeleton (D:7)
  A worker ant zombie (D:8)
  15 adders
  A howler monkey skeleton (D:8)
  A shadow imp (D:7)
  3 oozes
  4 worms
  2 dart slugs
  5 leopard geckos
  28 orcs
  5 giant cockroaches
  11 hobgoblins
  2 jackals (D:4)
  4 quokkas
  4 ball pythons
  9 bats
  4 frilled lizards
  5 goblins
  4 kobolds
  2 leopard gecko zombies
  2 quokka skeletons (D:5)
  9 rats
202 creatures vanquished.

Vanquished Creatures (others)
  An adder zombie (D:5)
  A leopard gecko (D:5)
  2 orcs (D:5)
4 creatures vanquished.

Grand Total: 206 creatures vanquished

Notes
Turn   | Place    | Note
-------+----------+-------------------------------------------
     0 | D:1      | Mesmaeker13 the Kobold Hunter began the quest for the Orb.
     0 | D:1      | Reached XP level 1. HP: 12/12 MP: 1/1
   220 | D:1      | Reached skill level 5 in Crossbows
   220 | D:1      | Reached XP level 2. HP: 13/18 MP: 2/2
  1073 | D:1      | Reached XP level 3. HP: 13/22 MP: 3/3
  1936 | D:2      | Reached XP level 4. HP: 28/28 MP: 4/4
  2084 | D:2      | Found a faded altar of an unknown god.
  2453 | D:2      | Found a hazy altar of Hepliaklqana.
  2949 | D:3      | Reached XP level 5. HP: 23/32 MP: 5/5
  3672 | D:4      | Reached skill level 6 in Crossbows
  3812 | D:4      | Found a deep blue altar of Sif Muna.
  4016 | D:4      | Reached XP level 6. HP: 31/38 MP: 6/6
  4642 | D:4      | Found an opulent altar of Gozag.
  5113 | D:5      | Entered Level 5 of the Dungeon
  5231 | D:5      | Noticed a phantom
  5267 | D:5      | Killed a phantom
  5267 | D:5      | Reached skill level 5 in Dodging
  5267 | D:5      | Reached XP level 7. HP: 42/44 MP: 7/7
  5400 | D:5      | Reached skill level 5 in Fighting
  5605 | D:5      | Reached skill level 7 in Crossbows
  5982 | D:5      | Reached XP level 8. HP: 43/50 MP: 8/8
  6102 | D:5      | Found a hide-covered altar of Uskayaw.
  6104 | D:5      | Noticed a hand axe
  6104 | D:5      | Noticed an enchanted hand axe
  6106 | D:5      | Noticed Grinder
  6148 | D:5      | Killed Grinder
  6248 | D:5      | Reached skill level 8 in Crossbows
  6563 | D:5      | Found a staircase to the Ecumenical Temple.
  6619 | D:5      | Found a blossoming altar of Fedhas.
  6950 | D:5      | Found a shimmering altar of Xom.
  6962 | D:5      | Found an iron altar of Okawaru.
  7052 | D:5      | Found a basalt altar of Yredelemnul.
  7309 | D:5      | Became a worshipper of Warmaster Okawaru
  7523 | D:6      | Reached skill level 1 in Short Blades
  7523 | D:6      | Reached XP level 9. HP: 51/56 MP: 9/9
  7560 | D:6      | Found a transporter.
  7564 | D:6      | Found a glowing silver altar of Zin.
  7565 | D:6      | Noticed a cyclops
  7604 | D:6      | Noticed a hippogriff
  7606 | D:6      | Noticed a hornet
  7782 | D:6      | Reached skill level 9 in Crossbows
  8000 | D:6      | Found a bloodstained altar of Trog.
  8085 | D:6      | Found a sacrificial altar of Ru.
  8085 | D:6      | Found a shattered altar of Ashenzari.
  8099 | D:6      | Found a transporter.
  8544 | D:7      | Noticed a hippogriff
  8563 | D:7      | Killed a hippogriff
  8563 | D:7      | Reached * piety under Okawaru
  8964 | D:7      | Noticed a hippogriff
  8977 | D:7      | Killed a hippogriff
  9195 | D:7      | Found an ornate altar of the Wu Jian Council.
  9389 | D:7      | Reached skill level 5 in Short Blades
  9600 | D:7      | Reached XP level 10. HP: 60/64 MP: 10/10
  9739 | D:7      | Found a white marble altar of Elyvilon.
  9739 | D:7      | Found an ancient bone altar of Kikubaaqudgha.
 10041 | D:7      | Found an iron altar of Okawaru.
 10066 | D:7      | Reached ** piety under Okawaru
 10066 | D:7      | Reached skill level 10 in Crossbows
 10672 | D:8      | Noticed a two-headed ogre
 10684 | D:8      | Killed a two-headed ogre
 10833 | D:8      | Reached *** piety under Okawaru
 11005 | D:8      | Reached skill level 10 in Dodging
 11034 | D:8      | Noticed a two-headed ogre
 11081 | D:7      | Killed a two-headed ogre
 11209 | D:8      | Noticed a two-headed ogre
 11217 | D:8      | Killed a two-headed ogre
 11217 | D:8      | Reached **** piety under Okawaru
 11217 | D:8      | Reached skill level 11 in Crossbows
 11217 | D:8      | Reached XP level 11. HP: 57/70 MP: 11/11
 11286 | D:8      | Found Igyta's Magic Scroll Emporium.
 11296 | D:8      | Bought a scroll of identify for 28 gold pieces
 11296 | D:8      | Bought a scroll of identify for 28 gold pieces
 11301 | D:8      | Bought a scroll of teleportation for 42 gold pieces
 12464 | D:9      | Found a staircase to the Lair.
 13025 | D:10     | Entered Level 10 of the Dungeon
 13041 | D:9      | Reached skill level 10 in Fighting
 13068 | D:10     | HP: 3/71 [jelly (2)]
 13068 | D:10     | Splashed by a jelly's acid

Skill      XL: |  1  2  3  4  5  6  7  8  9 10 11 |
---------------+----------------------------------+-----
Crossbows      | 5 6 7 8 9 11 | 11.4
Dodging        | 3 4 5 6 7 8 10 | 10.8
Fighting       | 3 4 5 6 8 9 10 | 10.0
Short Blades   | 1 5 7 8 |  8.6
Stealth        | |  1.3

Action                   |  1- 3 |  4- 6 |  7- 9 | 10-12 || total
-------------------------+-------+-------+-------+-------++-------
Melee: Short sword       |    91 |    53 |    20 |       ||   164
       Hand crossbow     |       |     1 |     1 |       ||     2
       Dagger            |       |       |   283 |   234 ||   517
 Fire: Hand crossbow     |    13 |   184 |   225 |   195 ||   617
       Blowgun           |       |       |    11 |       ||    11
Invok: Heroism           |       |       |       |     1 ||     1
 Abil: Evoke Berserk Rag |       |       |       |     1 ||     1
  Use: Scroll            |     1 |     3 |     4 |     4 ||    12
       Potion            |       |       |     1 |       ||     1
 Stab: Sleeping          |     3 |     1 |       |       ||     4
  Eat: Chunk             |    12 |    10 |    27 |    12 ||    61
       Ration            |       |       |     1 |       ||     1
Armor: Leather armour    |    21 |    11 |       |       ||    32
       Ring mail         |       |    11 |       |       ||    11
       Scale mail        |       |    59 |   103 |    57 ||   219
Dodge: Dodged            |    73 |   151 |   192 |   224 ||   640
